Map: King's Cove LE

Players

Smileblind

  • Race: Protoss Protoss
  • League: Silver
  • Spawn Location: 5:00

A.I. 1 (Harder)

  • Race: Terran Terran
  • Spawn Location: 11:00

VOD

Have the link to the VOD?

Description

Time

  • Played on: Feb. 7, 2019, 3:20 a.m.
  • Length: 13:30
Show
View Real Time Build Order
Export as new Build Order

Smileblind Protoss 

Build Orders: Blink Stalkers 

Get SALT Encoding   

  12  0:05  Zerg Flyer Weapons Level 3, Terran Ship Armor Level 3, Zerg Flyer Armor Level 3, Protoss Air Armor Level 3, Protoss Air Weapons Level 3, Terran Ship Weapons Level 3, Protoss Ground Weapons Level 3, Protoss Ground Armor Level 3, Zerg Ground Armor Level 3, Protoss Shields Level 3, Terran Infantry Weapons Level 3, Terran Vehicle Armor Level 3, Zerg Missile Weapons Level 3, Terran Vehicle Weapons Level 3, Zerg Melee Weapons Level 3, Terran Infantry Armor Level 3  
    0:26  Protoss Ground Weapons Level 2, Terran Vehicle Weapons Level 2, Terran Ship Armor Level 2, Protoss Air Weapons Level 2, Zerg Ground Armor Level 2, Terran Infantry Armor Level 2, Terran Vehicle Armor Level 2, Zerg Flyer Armor Level 2, Terran Infantry Weapons Level 2, Protoss Ground Armor Level 2, Terran Ship Weapons Level 2, Protoss Air Armor Level 2, Zerg Flyer Weapons Level 2, Zerg Missile Weapons Level 2, Protoss Shields Level 2, Zerg Melee Weapons Level 2  
    0:41  Stimpack, Blink  
    0:48  Terran Infantry Armor Level 1, Terran Infantry Weapons Level 1, Protoss Air Armor Level 1, Zerg Flyer Weapons Level 1, Protoss Ground Weapons Level 1, Zerg Flyer Armor Level 1, Zerg Melee Weapons Level 1, Zerg Missile Weapons Level 1, Terran Ship Weapons Level 1, Zerg Ground Armor Level 1, Terran Vehicle Armor Level 1, Protoss Ground Armor Level 1, Terran Vehicle Weapons Level 1, Protoss Air Weapons Level 1, Terran Ship Armor Level 1, Protoss Shields Level 1  
    0:56  Zerg Flyer Weapons Level 3, Terran Ship Armor Level 3, Zerg Flyer Armor Level 3, Protoss Air Armor Level 3, Protoss Air Weapons Level 3, Terran Ship Weapons Level 3, Protoss Ground Weapons Level 3, Protoss Ground Armor Level 3, Zerg Ground Armor Level 3, Protoss Shields Level 3, Terran Infantry Weapons Level 3, Terran Vehicle Armor Level 3, Zerg Missile Weapons Level 3, Terran Vehicle Weapons Level 3, Zerg Melee Weapons Level 3, Terran Infantry Armor Level 3  
    1:02  Charge, Weapon Refit, Warp Gate, Neosteel Armor, Resonating Glaives, Extended Thermal Lance  
    1:09  Adrenal Glands, Ventral Sacs  
    1:15  Enduring Locusts  
    1:16  Personal Cloaking  
    1:17  Protoss Ground Weapons Level 2, Terran Vehicle Weapons Level 2, Terran Ship Armor Level 2, Protoss Air Weapons Level 2, Zerg Ground Armor Level 2, Terran Infantry Armor Level 2, Terran Vehicle Armor Level 2, Zerg Flyer Armor Level 2, Terran Infantry Weapons Level 2, Protoss Ground Armor Level 2, Terran Ship Weapons Level 2, Protoss Air Armor Level 2, Zerg Flyer Weapons Level 2, Zerg Missile Weapons Level 2, Protoss Shields Level 2, Zerg Melee Weapons Level 2  
    1:23  Infernal Pre-Igniter, Durable Materials, Tunneling Claws, Corvid Reactor, Combat Shield, Chitinous Plating, Metabolic Boost, Glial Reconstitution, Neosteel Frame, Psionic Storm, Cloaking Field, Neural Parasite, Centrifical Hooks  
    1:31  Burrow, Muscular Augments x2  
    1:32  Stimpack, Blink  
    1:39  Terran Infantry Armor Level 1, Terran Infantry Weapons Level 1, Protoss Air Armor Level 1, Zerg Flyer Weapons Level 1, Protoss Ground Weapons Level 1, Zerg Flyer Armor Level 1, Zerg Melee Weapons Level 1, Zerg Missile Weapons Level 1, Terran Ship Weapons Level 1, Zerg Ground Armor Level 1, Terran Vehicle Armor Level 1, Protoss Ground Armor Level 1, Terran Vehicle Weapons Level 1, Protoss Air Weapons Level 1, Terran Ship Armor Level 1, Protoss Shields Level 1  
    1:45  Caduceus Reactor, Pathogen Glands, Behemoth Reactor, Gravitic Drive, Graviton Catapult, Gravitic Boosters, Hi-Sec Auto Tracking, Moebius Reactor  
    1:53  Charge, Weapon Refit, Warp Gate, Neosteel Armor, Resonating Glaives, Extended Thermal Lance  
    1:57  Overlord  
    1:59  Concussive Shells, Pneumatized Carapace  
    2:00  Adrenal Glands, Ventral Sacs  
    2:03  Drone x12  
    2:06  Enduring Locusts  
    2:07  Personal Cloaking  
    2:14  Infernal Pre-Igniter, Durable Materials, Tunneling Claws, Corvid Reactor, Combat Shield, Chitinous Plating, Metabolic Boost, Glial Reconstitution, Neosteel Frame, Psionic Storm, Cloaking Field, Neural Parasite, Centrifical Hooks  
    2:15  Unknown  
  12  2:22  Burrow, Muscular Augments x2  
  12  2:27  Overlord  
  12  2:33  Drone x12  
  12  2:36  Caduceus Reactor, Pathogen Glands, Behemoth Reactor, Gravitic Drive, Graviton Catapult, Gravitic Boosters, Hi-Sec Auto Tracking, Moebius Reactor  
  12  2:42  Unknown x5  
    2:45  Unknown  
    2:50  Concussive Shells, Pneumatized Carapace  
  12  3:33  Unknown x5  
    3:41  Probe x12  
    3:53  Unknown  
  12  3:56  Probe  
  13  4:08  Probe  
  14  4:15  Pylon  
  14  4:22  Probe  
  15  4:34  Probe  
  15  4:38  Gateway  
  16  4:46  Probe  
  16  4:50  Assimilator  
  17  4:57  Assimilator  
  17  4:58  Probe  
  18  5:09  Gateway  
  18  5:10  Probe  
  19  5:22  Probe  
  19  5:27  Cybernetics Core  
  20  5:34  Probe  
  21  5:38  Pylon  
  21  5:46  Probe, Pylon  
  22  5:51  Warp Gate  
  22  5:58  Probe  
  23  6:07  Adept  
  25  6:17  Adept  
  27  6:24  Gateway  
  27  6:27  Gateway  
  27  6:36  Gateway  
  27  6:38  Adept  
  29  6:40  Adept  
  31  7:08  Adept  
  33  7:12  Stalker  
  33  7:15  Adept  
  37  7:16  Stalker  
  39  7:36  Pylon  
  39  7:40  Pylon  
  39  7:56  Pylon  
  41  7:59  Stalker  
  41  8:01  Stalker  
  45  8:09  Stalker  
  47  8:18  Stalker  
  49  8:26  Stalker  
  49  8:59  Stalker  
  51  9:06  Stalker  
  53  9:15  Stalker  
  55  9:25  Stalker  
  57  9:40  Stalker  
  57  9:41  Stalker  
Show
View Real Time Build Order
Export as new Build Order

A.I. 1 (Harder) Terran 

Build Orders: Banshee Rush 

Get SALT Encoding   

  12  0:05  Zerg Flyer Weapons Level 3, Terran Ship Armor Level 3, Zerg Flyer Armor Level 3, Protoss Air Armor Level 3, Protoss Air Weapons Level 3, Terran Ship Weapons Level 3, Protoss Ground Weapons Level 3, Protoss Ground Armor Level 3, Zerg Ground Armor Level 3, Protoss Shields Level 3, Terran Infantry Weapons Level 3, Terran Vehicle Armor Level 3, Zerg Missile Weapons Level 3, Terran Vehicle Weapons Level 3, Zerg Melee Weapons Level 3, Terran Infantry Armor Level 3  
    0:26  Protoss Ground Weapons Level 2, Terran Vehicle Weapons Level 2, Terran Ship Armor Level 2, Protoss Air Weapons Level 2, Zerg Ground Armor Level 2, Terran Infantry Armor Level 2, Terran Vehicle Armor Level 2, Zerg Flyer Armor Level 2, Terran Infantry Weapons Level 2, Protoss Ground Armor Level 2, Terran Ship Weapons Level 2, Protoss Air Armor Level 2, Zerg Flyer Weapons Level 2, Zerg Missile Weapons Level 2, Protoss Shields Level 2, Zerg Melee Weapons Level 2  
    0:41  Stimpack, Blink  
    0:48  Terran Infantry Armor Level 1, Terran Infantry Weapons Level 1, Protoss Air Armor Level 1, Zerg Flyer Weapons Level 1, Protoss Ground Weapons Level 1, Zerg Flyer Armor Level 1, Zerg Melee Weapons Level 1, Zerg Missile Weapons Level 1, Terran Ship Weapons Level 1, Zerg Ground Armor Level 1, Terran Vehicle Armor Level 1, Protoss Ground Armor Level 1, Terran Vehicle Weapons Level 1, Protoss Air Weapons Level 1, Terran Ship Armor Level 1, Protoss Shields Level 1  
    0:56  Zerg Flyer Weapons Level 3, Terran Ship Armor Level 3, Zerg Flyer Armor Level 3, Protoss Air Armor Level 3, Protoss Air Weapons Level 3, Terran Ship Weapons Level 3, Protoss Ground Weapons Level 3, Protoss Ground Armor Level 3, Zerg Ground Armor Level 3, Protoss Shields Level 3, Terran Infantry Weapons Level 3, Terran Vehicle Armor Level 3, Zerg Missile Weapons Level 3, Terran Vehicle Weapons Level 3, Zerg Melee Weapons Level 3, Terran Infantry Armor Level 3  
    1:02  Charge, Weapon Refit, Warp Gate, Neosteel Armor, Resonating Glaives, Extended Thermal Lance  
    1:09  Adrenal Glands, Ventral Sacs  
    1:15  Enduring Locusts  
    1:16  Personal Cloaking  
    1:17  Protoss Ground Weapons Level 2, Terran Vehicle Weapons Level 2, Terran Ship Armor Level 2, Protoss Air Weapons Level 2, Zerg Ground Armor Level 2, Terran Infantry Armor Level 2, Terran Vehicle Armor Level 2, Zerg Flyer Armor Level 2, Terran Infantry Weapons Level 2, Protoss Ground Armor Level 2, Terran Ship Weapons Level 2, Protoss Air Armor Level 2, Zerg Flyer Weapons Level 2, Zerg Missile Weapons Level 2, Protoss Shields Level 2, Zerg Melee Weapons Level 2  
    1:23  Infernal Pre-Igniter, Durable Materials, Tunneling Claws, Corvid Reactor, Combat Shield, Chitinous Plating, Metabolic Boost, Glial Reconstitution, Neosteel Frame, Psionic Storm, Cloaking Field, Neural Parasite, Centrifical Hooks  
    1:31  Burrow, Muscular Augments x2  
    1:32  Stimpack, Blink  
    1:39  Terran Infantry Armor Level 1, Terran Infantry Weapons Level 1, Protoss Air Armor Level 1, Zerg Flyer Weapons Level 1, Protoss Ground Weapons Level 1, Zerg Flyer Armor Level 1, Zerg Melee Weapons Level 1, Zerg Missile Weapons Level 1, Terran Ship Weapons Level 1, Zerg Ground Armor Level 1, Terran Vehicle Armor Level 1, Protoss Ground Armor Level 1, Terran Vehicle Weapons Level 1, Protoss Air Weapons Level 1, Terran Ship Armor Level 1, Protoss Shields Level 1  
    1:45  Caduceus Reactor, Pathogen Glands, Behemoth Reactor, Gravitic Drive, Graviton Catapult, Gravitic Boosters, Hi-Sec Auto Tracking, Moebius Reactor  
    1:53  Charge, Weapon Refit, Warp Gate, Neosteel Armor, Resonating Glaives, Extended Thermal Lance  
    1:59  Concussive Shells, Pneumatized Carapace  
    2:00  Adrenal Glands, Ventral Sacs  
    2:03  SCV x12  
    2:06  Enduring Locusts  
    2:07  Personal Cloaking  
    2:14  Infernal Pre-Igniter, Durable Materials, Tunneling Claws, Corvid Reactor, Combat Shield, Chitinous Plating, Metabolic Boost, Glial Reconstitution, Neosteel Frame, Psionic Storm, Cloaking Field, Neural Parasite, Centrifical Hooks  
    2:15  Unknown  
  12  2:22  Burrow, Muscular Augments x2  
  13  2:33  SCV x12  
  13  2:36  Caduceus Reactor, Pathogen Glands, Behemoth Reactor, Gravitic Drive, Graviton Catapult, Gravitic Boosters, Hi-Sec Auto Tracking, Moebius Reactor  
  13  2:42  Unknown x5  
    2:45  Unknown  
    2:50  Concussive Shells, Pneumatized Carapace  
  13  3:33  Unknown x5  
    3:41  SCV x12  
    3:53  Unknown  
  12  3:56  SCV  
  13  4:08  SCV  
  14  4:13  Supply Depot  
  14  4:20  SCV  
  15  4:35  SCV  
  15  4:37  Barracks  
  16  4:46  Refinery  
  16  4:47  SCV  
  17  4:59  SCV  
  18  5:09  Supply Depot  
  18  5:11  SCV  
  19  5:24  SCV, Marine  
  21  5:30  Barracks  
  21  5:40  Refinery  
  21  5:43  Barracks Tech Lab  
  21  6:01  Marine  
  21  6:02  SCV, Supply Depot  
  23  6:14  SCV  
  24  6:20  Marauder  
  24  6:21  Marine  
  27  6:26  SCV  
  28  6:39  SCV  
  29  6:51  SCV  
  30  7:02  Barracks Tech Lab  
  30  7:03  SCV  
  30  7:04  Factory  
  30  7:07  Factory  
  31  7:15  SCV  
  32  7:32  Marine  
  33  7:39  Supply Depot  
  33  7:41  Marine  
  34  7:49  Marine  
  34  7:50  Factory Tech Lab  
  35  7:57  Starport  
  35  8:07  Factory Tech Lab, Starport  
  37  8:14  Supply Depot  
  40  8:43  Marauder  
  40  8:49  Siege Tank  
  40  8:58  Widow Mine  
  42  9:04  Stimpack  
  42  9:07  Starport Tech Lab  
  42  9:17  Starport Tech Lab  
  42  9:22  Combat Shield  
  42  9:23  Marine  
  43  9:30  Marine  
  44  9:36  Engineering Bay  
  44  9:41  Marine  
  45  9:48  Marine  
  45  9:52  Supply Depot  
  46  9:58  Marine  
  47  10:06  Marauder  
  39  10:09  Viking  
  32  10:16  Marine  
  29  10:26  Viking  
  29  10:27  Marine  
  23  10:34  SCV, Marine  
  17  10:45  Marine  
  17  10:48  SCV  
  12  10:52  Marauder  
  10  11:00  SCV  
  7  11:13  SCV  
  6  11:25  SCV  
  5  11:47  SCV  
Tags
 
Composition
Blink Stalkers
League
Silver
Matchup
PvT
Spawn Locations
Cross Positions
Strategy
Banshee Rush
Add a new tag
Caveats
  • Supply blocks, unpowered buildings, or Contaminate may cause inaccurate times.
  • Supply counts are checked every 10 seconds.